 Dungeon Crawl Stone Soup version 0.30-a0-591-g3c58d2bc28 (webtiles) character file.

Game seed: 15284517610250257416

207 omnomnOMINOUS the Vexing (level 5, 0/35 HPs)
             Began as an Octopode Wanderer on Jan 5, 2023.
             Slain by an orc
             ... wielding a +0 hand axe
              (6 damage)
             ... on level 3 of the Dungeon.
             The game lasted 00:05:34 (2942 turns).

omnomnOMINOUS the Vexing (Octopode Wanderer)        Turns: 2942, Time: 00:05:35

Health: 0/35       AC:  1    Str:  9    XL:     5   Next: 85%
Magic:  8/8        EV: 15    Int: 14    God:
Gold:   171        SH:  0    Dex: 16    Spells: 5/9 levels left

rFire   . . .      SeeInvis .    a - +2 dagger (venom)
rCold   . . .      Faith    .    (no shield)
rNeg    . . .      Spirit   .    e - +0 hat
rPois   .          Reflect  .    (no amulet)
rElec   .          Harm     .    (no ring)
rCorr   .          Rampage  .    (no ring)
Will    .....                    (no ring)
Stlth   ++                       (no ring)
HPRegen 0.25/turn                (no ring)
MPRegen 0.11/turn                (no ring)
                                 (no ring)
                                 (no ring)

@: hasted, very quick
A: almost no armour, amphibious, 8 rings, camouflage 1, gelatinous body 1,
(nimble swimmer 1), tentacles
a: no special abilities


You were on level 3 of the Dungeon.
You visited 1 branch of the dungeon, and saw 4 of its levels.

You collected 171 gold pieces.

Inventory:

Hand Weapons
 a - a +2 dagger of venom (weapon)
Missiles
 b - 4 throwing nets (quivered)
 q - 3 curare-tipped darts
Armour
 e - a +0 hat (worn)
Magical Staves
 r - a staff of air
Scrolls
 d - 2 scrolls of vulnerability
 i - 2 scrolls of fear {unknown}
 j - 4 scrolls of noise {unknown}
 k - 3 scrolls of magic mapping {unknown}
 l - a scroll of amnesia {unknown}
 n - 2 scrolls of identify {unknown}
 o - a scroll of enchant armour {unknown}
 p - 4 scrolls of teleportation {unknown}
Potions
 c - a potion of attraction
 f - a potion of haste
 g - 5 potions of curing
 h - a potion of lignification {unknown}
 m - 2 potions of mutation {unknown}


   Skills:
 + Level 2.5 Fighting
 + Level 1.9 Short Blades
 + Level 4.8 Dodging
 + Level 2.5 Spellcasting
 - Level 5.0 Hexes
 + Level 1.1 Summonings


You had 5 spell levels left.
You knew the following spells:

 Your Spells              Type           Power      Damage    Failure   Level
a - Slow                  Hex            60%        N/A       3%          1
b - Call Canine Familiar  Summ           5%         N/A       38%         3

Your spell library contained the following spells:

 Spells                   Type           Power      Damage    Failure   Level
 Portal Projectile        Hex/Tloc       16%        N/A       24%         3
 Leda's Liquefaction      Hex/Erth       4%         N/A       63%         4


Dungeon Overview and Level Annotations

Branches:
Dungeon (4/15)
 Temple: D:4-7

Altars:
Qazlal

Shops:
D:2 =


Innate Abilities, Weirdness & Mutations

You cannot wear most types of armour.
You are amphibious.
You can wear up to eight rings at the same time.
Your skin changes colour to match your surroundings (Stealth+).
Your rubbery body absorbs attacks. (AC +1, EV +1)
((You are camouflaged when in or above water. (Stealth+)))
You have tentacles for arms and can constrict up to eight enemies at once.


Message History

The orc wizard looks as sick as possible!
You grab the orc wizard.
You squeeze the orc wizard, but do no damage.
The orc wizard is heavily wounded.
You constrict the orc wizard. The orc closely misses you.
The orc wizard hits you with a +0 dagger.
You hit the orc wizard.
The orc wizard looks as sick as possible!
The orc wizard is severely wounded.
You constrict the orc wizard.
You kill the orc wizard!
The orc misses you.
The orc priest mumbles some strange prayers to Beogh against you.
Beogh smites you!
Things that are here:
a +0 dagger; a +0 robe The orc attacks as you move away!
The orc barely misses you. The orc priest barely misses you.
There is a stone staircase leading up here.
The orc closely misses you. The orc priest misses you.
The orc closely misses you.
You climb upwards.
There is a stone staircase leading down here.
Unknown command.
It was a potion of haste.
You feel yourself speed up.
The orc priest hits you but does no damage.
The orc hits you with a +0 dagger. The orc barely misses you.
You hit the orc priest.
The orc priest is poisoned.
Your grab misses the orc priest.
The orc priest is moderately wounded.
The orc priest invokes the aid of Beogh against you.
Beogh smites you!
* * * LOW HITPOINT WARNING * * *
The orc closely misses you. x2
You barely miss the orc priest. Your grab misses the orc priest.
Your squeeze misses the orc priest.
The orc priest is heavily wounded.
The orc priest closely misses you. The orc closely misses you.
The orc hits you with a +0 hand axe.
You die...

#.# #.#####.....#
#.###.##### #.#
#.#...#.....# #.#.#..รท...
#.# #.#...#.....#
##...#.##### #.#
#.#.#.##..(.####...........
#.#
#.#.#.##....#.........#####
#.# #.#.#.##.#+##...###.#.#
## #.# #.#......#....###
#.#.# #. #.#
#.###.####.o#.#####.#.####.
#.#
#.........@..............#.
#.#
#####....o.o........#.##...
#.# ######.##.#######.###..
#.# #..........#.###.# #.#
####.#####.#...... #.#
##+#####.#####.. #.#
#........# #.. #.#
#........# #.. #.#
#........# #..


You could see an orc priest (very poisoned) and 2 orcs.

Vanquished Creatures
  A hound (D:4)
  An iguana (D:4)
  An orc wizard (D:4)
  3 gnolls (D:3)
  2 adders
  2 worms
  2 dart slugs (D:3)
  5 orcs
  5 bats
  9 endoplasms
  6 giant cockroaches
  5 goblins
  6 hobgoblins
  2 quokkas
  5 ball pythons
  2 frilled lizards (D:1)
  4 kobolds
  6 rats
67 creatures vanquished.

Notes
Turn   | Place    | Note
-------+----------+-------------------------------------------
     0 | D:1      | omnomnOMINOUS the Octopode Wanderer began the quest for the
                  | Orb.
     0 | D:1      | omnomnOMINOUS set off with the following items: a +0
                  | dagger, 4 throwing nets, a potion of attraction, a scroll
                  | of vulnerability, a +0 hat; and the following spell
                  | memorised: Slow; and the following spells available to
                  | memorise: Portal Projectile.
     0 | D:1      | Reached XP level 1. HP: 11/11 MP: 2/2
   219 | D:1      | Reached XP level 2. HP: 17/18 MP: 3/3
   390 | D:1      | Reached skill level 1 in Fighting
   808 | D:1      | Reached XP level 3. HP: 21/23 MP: 5/5
   936 | D:2      | Found a stormy altar of Qazlal.
   938 | D:2      | Found Jiguraiff's Jewellery Emporium.
  1800 | D:3      | Reached skill level 1 in Short Blades
  1800 | D:3      | Reached XP level 4. HP: 15/29 MP: 6/6
  2498 | D:3      | Learned a level 3 spell: Call Canine Familiar
  2678 | D:3      | Reached XP level 5. HP: 34/34 MP: 8/8
  2858 | D:4      | Reached skill level 1 in Summonings
  2860 | D:4      | Noticed an ogre
  2942 | D:3      | Slain by an orc

Illustrated notes

Levels and vault maps discovered:
D:1:      spicycebolla_arrival_transporter_tutorial, layout_basic
D:2:      layout_basic, serial_shops,
          nicolae_shop_temple_entry_statues_fountains, basic_altar
D:3:      layout_basic, minmay_starry_boxes
D:4:      minmay_chambers_of_threes, layout_cave_pools,
          amethyst_overflow_temple_binary, nicolae_shop_clearance

Skill      XL: |  1  2  3  4  5 |
---------------+----------------+-----
Fighting       | 1 2 |  2.5
Short Blades   | 1 |  1.9
Spellcasting   | 2 |  2.5
Summonings     | 1 |  1.1
Dodging        | |  4.8
Hexes          | |  5.0

Action                   |  1- 3 |  4- 6 || total
-------------------------+-------+-------++-------
Melee: Dagger            |    90 |    54 ||   144
       Constrict         |    18 |    13 ||    31
       Tentacles         |    18 |    14 ||    32
       Punch             |       |     1 ||     1
 Cast: Slow              |     2 |       ||     2
  Use: Potion            |     1 |     1 ||     2
 Stab: Sleeping          |     6 |     8 ||    14
Armor: Skin              |     6 |     2 ||     8
Dodge: Dodged            |    46 |    35 ||    81

Table legend: (Time is in decaauts)
 A = Elapsed time spent in this place.
 B = Non-inter-level travel time spent in this place.
 C = Inter-level travel time spent in this place.
 D = Time resting spent in this place.
 E = Time spent auto-exploring this place.
 F = Levels seen in this place.
 G = Mean time per level.
                   A        B        C        D        E       F      G
               +--------+--------+--------+--------+--------+-----+--------+
         Total |   2937 |   2823 |    114 |    255 |   2066 |   4 |  734.2 |
       Dungeon |   2937 |   2823 |    114 |    255 |   2066 |   4 |  734.2 |
               +--------+--------+--------+--------+--------+-----+--------+

Top non-repeatable levels by time:
     D:3: 1185 daAuts
     D:1: 931 daAuts
     D:2: 691 daAuts
     D:4: 128 daAuts
